Map: Acropolis LE

Players

Djorn - Winner!

  • Race: Protoss Protoss
  • Spawn Location: 11:00

A.I. 1 (Very Easy)

  • Race: Zerg Zerg
  • Spawn Location: 5:00

VOD

Have the link to the VOD?

Description

Time

  • Played on: Aug. 22, 2019, 12:19 p.m.
  • Length: 11:31
Show
View Real Time Build Order
Export as new Build Order

Djorn Protoss - Winner!

Build Orders:  

Get SALT Encoding   

  12  0:02  Probe  
  13  0:14  Probe  
  14  0:24  Pylon  
  14  0:28  Probe  
  15  0:42  Probe  
  16  0:44  Gateway  
  16  0:50  Probe  
  17  0:58  Probe  
  18  1:08  Probe  
  18  1:10  Assimilator  
  19  1:20  Probe  
  20  1:32  Probe  
  20  1:35  Cybernetics Core  
  21  1:45  Pylon  
  20  1:53  Zealot  
  22  2:02  Probe  
  23  2:15  Probe  
  24  2:17  Adept  
  26  2:23  Nexus  
  26  2:25  Warp Gate  
  26  2:36  Probe  
  27  2:41  Adept  
  29  2:56  Shield Battery  
  29  2:58  Probe  
  30  3:14  Probe  
  31  3:20  Pylon  
  31  3:40  Assimilator  
  31  3:43  Stargate, Probe  
  32  3:49  Probe  
  33  3:57  Probe x2  
  35  4:05  Probe  
  35  4:07  Probe  
  37  4:14  Probe  
  37  4:19  Probe  
  39  4:30  Twilight Council  
  39  4:31  Probe  
  40  4:45  Oracle, Assimilator  
  40  4:46  Probe  
  41  4:58  Probe  
  45  5:10  Probe  
  46  5:14  Zealot  
  48  5:22  Probe  
  49  5:34  Probe  
  50  5:36  Pylon  
  50  5:41  Forge  
  50  5:43  Forge  
  50  5:52  Oracle  
  50  5:57  Templar Archives  
  53  6:09  Zealot  
  55  6:19  Oracle  
  55  6:23  Charge  
  58  6:45  Pylon  
  58  6:47  Pylon  
  58  6:55  Protoss Ground Weapons Level 1  
  58  6:57  Protoss Ground Armor Level 1  
  58  7:10  Zealot  
  60  7:56  Gateway  
  60  7:58  Gateway  
  60  8:00  Gateway  
  60  8:03  Gateway, Resonating Glaives  
  60  8:04  Gateway  
  60  8:06  Gateway  
  60  8:10  Pylon  
  60  9:50  Robotics Facility  
  60  10:03  Templar Archives  
  60  10:09  Zealot  
  60  10:10  Zealot x4  
  60  10:11  Zealot x2  
  74  11:05  Stalker x3  
  74  11:06  Stalker x3  
Show
View Real Time Build Order
Export as new Build Order

A.I. 1 (Very Easy) Zerg 

Build Orders: Pool First 

Get SALT Encoding   

  12  0:00  Drone  
  13  0:12  Overlord  
  13  0:16  Drone  
  14  0:35  Spawning Pool  
  14  0:37  Extractor  
  14  0:39  Drone  
  13  0:46  Drone  
  14  0:52  Overlord  
  14  1:22  Zergling x2  
  14  1:23  Queen  
  17  1:31  Roach Warren  
  16  1:34  Drone  
  16  1:39  Zergling x2, Extractor  
  17  1:43  Drone  
  18  1:55  Drone  
  18  1:57  Zergling x2  
  20  2:06  Drone  
  21  2:17  Drone  
  22  2:28  Drone  
  22  2:29  Overlord  
  23  2:35  Drone  
  24  2:42  Drone  
  25  5:39  Drone, Roach  
  25  5:40  Overlord, Lair  
  28  5:46  Drone  
  29  5:54  Drone  
  30  6:01  Drone  
  31  6:08  Drone  
  32  6:15  Drone  
  32  6:18  Roach  
  32  6:37  Overseer x2  
  32  6:58  Roach  
  34  7:07  Hatchery  
  34  7:37  Zergling x2  
  34  8:20  Drone  
  35  8:27  Drone  
  35  8:30  Extractor  
  35  8:34  Extractor  
  35  8:35  Drone  
  35  8:42  Drone  
  36  8:49  Drone  
  36  8:55  Roach  
  36  8:56  Drone  
  33  9:04  Drone  
  34  9:11  Drone  
  35  9:18  Drone  
  35  9:25  Drone  
  29  9:32  Drone  
  29  9:34  Zergling x2  
  25  9:39  Drone  
  26  9:47  Drone  
  27  9:54  Drone  
  28  10:01  Drone  
  29  10:08  Drone  
  29  10:13  Roach  
  32  10:15  Drone  
  33  10:22  Drone  
  34  10:30  Drone  
  21  10:37  Drone  
  21  10:42  Zergling x2  
  20  10:44  Drone, Pneumatized Carapace  
  17  10:51  Drone  
  15  10:59  Drone  
  15  11:02  Overseer  
  15  11:06  Drone  
  15  11:10  Roach  
  18  11:13  Drone  
Tags
 
Matchup
PvZ
Opening
Pool First
Replay Pack
sc2replays
Spawn Locations
Cross Positions
Add a new tag
Caveats
  • Supply blocks, unpowered buildings, or Contaminate may cause inaccurate times.
  • Supply counts are checked every 10 seconds.